 Dungeon Crawl Stone Soup version 0.29-a0-925-g0a7a3d12f8 (webtiles) character file.

Game seed: 4778509676149888821

170 quixfox the Digger (level 5, -2/28 HPs)
             Began as a Gargoyle Earth Elementalist on July 29, 2022.
             Slain by Sigmund
             ... wielding a +0 scythe of freezing
              (4 damage)
             ... on level 2 of the Dungeon.
             The game lasted 00:04:53 (2791 turns).

quixfox the Digger (Gargoyle Earth Elementalist)    Turns: 2791, Time: 00:04:54

Health: -2/28      AC:  6    Str: 12    XL:     5   Next: 50%
Magic:  4/9        EV: 11    Int: 17    God:
Gold:   115        SH:  0    Dex: 10    Spells: 0/10 levels left

rFire   . . .      SeeInvis .   f - +0 whip
rCold   . . .      Faith    .   (no shield)
rNeg    + + .      Spirit   .   a - +0 robe
rPois   ∞          Reflect  .   (no helmet)
rElec   +          Harm     .   (no cloak)
rCorr   .          Rampage  .   (no gloves)
Will    .....                   (no boots)
Stlth   ++........              (no amulet)
HPRegen 0.09/turn               l - ring of positive energy
MPRegen 0.11/turn               (no ring)

@: no status effects
A: sickness immunity, AC +4, negative energy resistance 1, electricity
resistance, torment resistance 1, petrification resistance
a: no special abilities


You were on level 2 of the Dungeon.
You visited 1 branch of the dungeon, and saw 3 of its levels.

You collected 115 gold pieces.

Inventory:

Hand Weapons
 f - a +0 whip (weapon)
Armour
 a - a +0 robe (worn)
Magical Staves
 e - a staff of fire
Jewellery
 l - a ring of positive energy (left hand)
Scrolls
 k - a scroll of blinking {unknown}
 m - 2 scrolls of teleportation {unknown}
 o - a scroll of identify {unknown}
 q - a scroll of immolation {unknown}
Potions
 b - a potion of magic
 c - a potion of cancellation
 d - a potion of heal wounds {unknown}
 g - a potion of degeneration {unknown}
 h - a potion of attraction {unknown}
 i - a potion of lignification {unknown}
 j - a potion of invisibility {unknown}
 n - a potion of ambrosia {unknown}
 p - a potion of haste {unknown}


   Skills:
 - Level 1.5 Dodging
 - Level 2.1 Stealth
 + Level 3.2 Spellcasting
 + Level 2.0 Conjurations
 - Level 0.7 Transmutations
 + Level 2.0 Fire Magic
 + Level 5.0 Earth Magic


You couldn't memorise any spells.
You knew the following spells:

 Your Spells              Type           Power      Damage    Failure   Level
a - Sandblast             Erth           38%        2d10      2%          1
b - Passwall              Tmut/Erth      10%        N/A       8%          2
c - Stone Arrow           Conj/Erth      28%        3d8       12%         3
d - Sticky Flame          Conj/Fire      9%         2d3       58%         4

Your spell library contained the following spells:

 Spells                   Type           Power      Damage    Failure   Level
 Conjure Flame            Conj/Fire      9%         6-21      22%         3
 Ignite Poison            Fire/Tmut/Pois 5%         N/A       34%         3
 Petrify                  Tmut/Erth      12%        N/A       45%         4
 Cause Fear               Hex            1%         N/A       86%         4
 Dragon Form              Tmut           2%         N/A       100%        7
 Dragon's Call            Summ           1%         N/A       100%        9


Dungeon Overview and Level Annotations

Branches:
Dungeon (3/15)

Altars:

Annotations:
D:2 1 runed translucent door, Crazy Yiuf, Sigmund


Innate Abilities, Weirdness & Mutations

You are immune to sickness and miasma.
Your stone body is resilient. (AC +4)
You are immune to poison.
You resist negative energy. (rN+)
You are resistant to electric shocks. (rElec)
You are resistant to unholy torment.
You are immune to petrification.


Message History

You see here 4 stones.
There is an open door here.
There is an open door here.
A hobgoblin comes into view.
The hobgoblin shouts!
You can't see any susceptible monsters within range! (Use Z to cast anyway.)
The blast of sand hits the hobgoblin!
You kill the hobgoblin!
You enter the shallow water.
Moving in this stuff is going to be slow.
Sigmund shouts!
Your line of fire to Sigmund is blocked by a plant.
The blast of sand hits Sigmund!
Sigmund is moderately wounded.
Sigmund casts a spell at you. The magic dart hits you.
The blast of sand misses Sigmund.
Sigmund closely misses you.
The blast of sand hits Sigmund.
Sigmund is moderately wounded.
Sigmund closely misses you.
The blast of sand hits Sigmund!
Sigmund is severely wounded.
Sigmund hits you from afar with a +0 scythe of freezing.
Sigmund freezes you.
Sigmund gestures wildly while chanting.
Sigmund flickers and vanishes!
Deactivating autopickup; reactivate with Ctrl-A.
You can't see any susceptible monsters within range! (Use Z to cast anyway.)
Aiming: Sandblast (safe; 2% risk of failure)
Press: ? - help, Q - select action, (/) - cycle Shift-Dir - straight line Something hits you.
Something freezes you.
Aiming: Sandblast (safe; 2% risk of failure)
Press: ? - help, Q - select action, (/) - cycle Shift-Dir - straight line A magic dart appears from out of thin air!
The magic dart hits you. Something hits you.
* * * LOW HITPOINT WARNING * * *
Something freezes you.
* * * LOW HITPOINT WARNING * * *
It was a potion of cancellation.
You feel magically purged. Something hits you.
You die...

....≈≈≈≈≈≈≈P..#.# #......#
##.≈≈≈≈≈≈≈.....# ####.#)####
#.≈≈≈≈≈≈≈≈..### #.#.....
#..≈P≈≈≈≈≈..########.###.#.
#.≈≈≈≈≈≈............# #..#
#.≈.≈≈≈PP≈.########.###.#. ###
#...≈≈≈≈≈≈..######...##.## ..#
#$..≈≈≈≈≈........^........
#.######..≈≈≈≈≈.@..######........
...........≈≈≈≈≈...## #..#.##.#
#.####.##...≈≈≈P{...# ##..#.##.#
#.....†....P≈≈≈≈.#..# #.........
###†#####...≈≈P≈....####.).#.##..
#.# #..≈.≈≈≈............>.#.. #.#
#...≈≈≈≈....#####........ #.#
#..≈≈≈≈.P...# ###)..### #.#
#...≈≈≈≈..#.# ##.##


There were no monsters in sight!

Vanquished Creatures
  Natasha (thrice) (D:2)
  3 adders
  An adder skeleton (D:3)
  5 worms
  2 orcs (D:3)
  5 ball pythons
  3 bats
  4 endoplasms
  2 giant cockroaches
  3 goblins
  6 hobgoblins
  3 jackals (D:2)
  A ball python skeleton (D:3)
  5 frilled lizards
  2 kobolds (D:1)
  6 rats
54 creatures vanquished.

Vanquished Creatures (others)
  4 fungi (D:2)
  13 plants (D:2)
17 creatures vanquished.

Grand Total: 71 creatures vanquished

Notes
Turn   | Place    | Note
-------+----------+-------------------------------------------
     0 | D:1      | quixfox the Gargoyle Earth Elementalist began the quest for
                  | the Orb.
     0 | D:1      | Reached XP level 1. HP: 10/10 MP: 3/3
   210 | D:1      | Reached XP level 2. HP: 15/15 MP: 3/5
   213 | D:1      | Reached skill level 4 in Earth Magic
   778 | D:2      | Reached XP level 3. HP: 12/19 MP: 2/6
   781 | D:2      | Learned a level 2 spell: Passwall
   788 | D:2      | Learned a level 3 spell: Stone Arrow
   916 | D:2      | Noticed Sigmund
   999 | D:2      | Found a runed translucent door.
  1000 | D:2      | Noticed Crazy Yiuf
  1226 | D:3      | Reached skill level 1 in Fire Magic
  1448 | D:3      | Reached XP level 4. HP: 24/24 MP: 5/8
  1530 | D:3      | Reached skill level 1 in Conjurations
  2247 | D:2      | Noticed Natasha
  2252 | D:2      | Killed Natasha
  2288 | D:2      | Found a faded altar of an unknown god.
  2461 | D:2      | Noticed Natasha
  2465 | D:2      | Killed Natasha
  2466 | D:2      | Reached XP level 5. HP: 26/28 MP: 5/9
  2549 | D:2      | Noticed Natasha
  2554 | D:2      | Killed Natasha
  2555 | D:2      | Reached skill level 5 in Earth Magic
  2560 | D:2      | Learned a level 4 spell: Sticky Flame
  2791 | D:2      | Slain by Sigmund

Illustrated notes

Levels and vault maps discovered:
D:1:      ncdulo_halloftheorcs, layout_basic, serial_rivers,
          chequers_serial_rivers_micro_b, chequers_serial_rivers_micro_b,
          chequers_serial_rivers_micro_b, chequers_serial_rivers_micro_b
D:2:      layout_loops_ring, shapermc_ecumenical_altar_mp_urbaneastern,
          chequers_big_river, minmay_door_square, uniq_sigmund, uniq_natasha,
          uniq_crazy_yiuf_cottage
D:3:      layout_basic, serial_undead, serial_undead_f, serial_undead_c,
          serial_undead_b, serial_undead_d, serial_undead_b, minmay_surrounded

Skill      XL: |  1  2  3  4  5 |
---------------+----------------+-----
Earth Magic    | 4 5 |  5.0
Fire Magic     | 1 2 |  2.0
Conjurations   | 1 2 |  2.0
Spellcasting   | 3 |  3.2
Dodging        | |  1.5
Stealth        | |  2.1
Transmutations | |  0.7

Action                   |  1- 3 |  4- 6 || total
-------------------------+-------+-------++-------
Melee: Whip              |     1 |       ||     1
 Cast: Sandblast         |    51 |    40 ||    91
  Use: Potion            |       |     1 ||     1
Armor: Robe              |     3 |     6 ||     9
Dodge: Dodged            |    10 |    13 ||    23

Table legend: (Time is in decaauts)
 A = Elapsed time spent in this place.
 B = Non-inter-level travel time spent in this place.
 C = Inter-level travel time spent in this place.
 D = Time resting spent in this place.
 E = Time spent auto-exploring this place.
 F = Levels seen in this place.
 G = Mean time per level.
                   A        B        C        D        E       F      G
               +--------+--------+--------+--------+--------+-----+--------+
         Total |   2883 |   2819 |     64 |     97 |   2215 |   3 |  961.0 |
       Dungeon |   2883 |   2819 |     64 |     97 |   2215 |   3 |  961.0 |
               +--------+--------+--------+--------+--------+-----+--------+

Top non-repeatable levels by time:
     D:3: 1096 daAuts
     D:2: 1065 daAuts
     D:1: 722 daAuts
